 Dungeon Crawl Stone Soup version 0.27.0-1-g7a089689b8 (webtiles) character file.

Game seed: 7035488305525402946

14 rjrrt the Skirmisher (level 2, -5/40 HPs)
             Began as a Minotaur Berserker on Aug 11, 2021.
             Was a Follower of Trog.
             Slain by Terence (6 damage)
             ... on level 3 of the Dungeon.
             The game lasted 00:01:42 (304 turns).

rjrrt the Skirmisher (Minotaur Berserker)            Turns: 304, Time: 00:01:42

Health: -5/40      AC:  8    Str: 21    XL:     2   Next: 31%
Magic:  1/1        EV:  8    Int:  4    God:    Trog [*.....]
Gold:   9          SH:  0    Dex:  9    Spells: 1/1 levels left

rFire    . . .     SeeInvis .   a - +0 hand axe
rCold    . . .     Faith    .   (no shield)
rNeg     . . .     Spirit   .   d - +0 chain mail
rPois    .         Reflect  .   (helmet restricted)
rElec    .         Harm     .   (no cloak)
rCorr    .         Rampage  .   (no gloves)
Will     .....                  (no boots)
Stlth    ..........             (no amulet)
HPRegen  0.13/turn              (no ring)
MPRegen  0.07/turn              (no ring)

@: berserking, very quick
A: horns 2, retaliatory headbutt
a: Renounce Religion, Berserk


You were on level 3 of the Dungeon.
You worshipped Trog.
Trog was aware of your devotion.
You visited 1 branch of the dungeon, and saw 3 of its levels.

You collected 9 gold pieces.

Inventory:

Hand Weapons
 a - a +0 hand axe (weapon)
 b - a +2 flail of protection
Armour
 d - a +0 chain mail (worn)
Scrolls
 c - a scroll of vulnerability {unknown}
Potions
 e - a potion of degeneration {unknown}
 f - a potion of might {unknown}
 g - a potion of heal wounds {unknown}


   Skills:
 + Level 4.0 Fighting
 + Level 4.0 Axes
 + Level 2.5 Armour
 + Level 2.3 Dodging


You had one spell level left.
You didn't know any spells.
Your spell library was empty.

Dungeon Overview and Level Annotations

Branches:
Dungeon (3/15)

Altars:

Shops:
D:1 *

Annotations:
D:3 Terence


Innate Abilities, Weirdness & Mutations

You have a pair of horns on your head.
You reflexively headbutt those who attack you in melee.


Message History

You fail to use your ability.
Terence screams, "I want your blood!"
You hit Terence. Your headbutt misses Terence.
Terence is lightly wounded.
Terence barely misses you. You furiously retaliate!
You headbutt Terence, but do no damage. You hit Terence but do no damage.
Terence is lightly wounded.
Terence zaps a wand.
The puff of flame hits you.
You hit Terence but do no damage.
Terence is lightly wounded.
Terence hits you but does no damage.
You hit Terence but do no damage.
Terence is lightly wounded.
Terence hits you with a +0 mace.
* * * LOW HITPOINT WARNING * * *
You hit Terence but do no damage. You headbutt Terence.
Terence is moderately wounded.
Terence hits you with a +0 mace.
* * * LOW HITPOINT WARNING * * *
You barely miss Terence. Your headbutt misses Terence.
Terence is moderately wounded.
Terence hits you with a +0 mace.
* * * LOW HITPOINT WARNING * * *
You completely miss Terence.
Terence is moderately wounded.
Terence hits you with a +0 mace.
* * * LOW HITPOINT WARNING * * *
Unknown command.
A red film seems to cover your vision as you go berserk!
You feel yourself moving faster!
You feel mighty! Terence hits you with a +0 mace.
* * * LOW HITPOINT WARNING * * *
You barely miss Terence.
Terence is moderately wounded.
Terence hits you but does no damage.
You closely miss Terence. Your headbutt misses Terence.
Terence is moderately wounded.
Terence hits you with a +0 mace.
You die...

.....
...
...
...
#.#
#S#
#@#
#@#
#.#
#.#
#.#
#..
###


You could see Terence and an adder.

Vanquished Creatures
  A dart slug (D:1)
  2 bats
  An endoplasm (D:1)
  A giant cockroach (D:1)
  A hobgoblin (D:2)
  A jackal (D:2)
  A ball python (D:1)
  3 goblins
11 creatures vanquished.

Notes
Turn   | Place    | Note
-------+----------+-------------------------------------------
     0 | D:1      | rjrrt the Minotaur Berserker began the quest for the Orb.
     0 | D:1      | Reached XP level 1. HP: 19/19 MP: 0/0
    77 | D:1      | Found Lixuk's General Store.
   227 | D:1      | Reached XP level 2. HP: 27/27 MP: 1/1
   289 | D:3      | Noticed Terence
   302 | D:3      | HP: 1/40 [Terence (2)]
   304 | D:3      | Slain by Terence

Illustrated notes

Levels and vault maps discovered:
D:1:      lemuel_arrival_cross, layout_loops_ring, serial_shops,
          nicolae_lakefront_shop, minmay_tromino_v4_a
D:2:      cheibrodos_old_hovel, layout_loops_ring,
          shapermc_ecumenical_altar_ellora, minmay_bisected
D:3:      layout_loops_ring, serial_bayou_lake_a, uniq_crazy_yiuf_cottage,
          uniq_jessica, uniq_sigmund, uniq_terence

Skill      XL: |  1  2 |
---------------+-------+-----
Fighting       | 4 |  4.0
Axes           | 4 |  4.0
Armour         | |  2.5
Dodging        | |  2.3

Action                   || total
-------------------------++-------
Melee: Hand axe          ||    30
       Headbutt          ||     4
Invok: Berserk           ||     1
Armor: Chain mail        ||    16
Dodge: Dodged            ||    18
